Map: Acid Plant LE

Players

Creator - Winner!

  • Race: Protoss Protoss
  • Spawn Location: 5:00

NightEnD

  • Race: Protoss Protoss
  • Spawn Location: 11:00

Event: IEM Season 12 - Katowice

VOD

Have the link to the VOD?

Description

Time

  • Played on: Feb. 26, 2018, 10:01 a.m.
  • Length: 9:24

All games in this series

Show
View Real Time Build Order
Export as new Build Order

Creator Protoss - Winner!

Build Orders:  

Get SALT Encoding   

  12  0:00  Probe  
  13  0:12  Probe  
  14  0:17  Pylon  
  14  0:24  Probe (Chrono Boost)  
  15  0:36  Probe (Chrono Boost), Gateway  
  16  0:45  Probe (Chrono Boost), Assimilator  
  17  0:51  Probe  
  17  0:54  Assimilator  
  18  1:03  Probe  
  19  1:13  Gateway  
  19  1:15  Probe  
  20  1:26  Cybernetics Core  
  20  1:29  Probe (Chrono Boost)  
  21  1:36  Pylon  
  21  1:39  Probe (Chrono Boost)  
  22  1:44  Probe (Chrono Boost)  
  23  1:56  Probe  
  23  1:59  Warp Gate (Chrono Boost)  
  24  2:03  Stalker x2  
  29  2:17  Pylon  
  28  2:33  Stalker  
  28  2:35  Stalker  
  32  2:47  Gateway x2  
  32  3:05  Stalker x2  
  36  3:22  Shield Battery  
  36  3:27  Pylon  
  36  3:47  Stalker x3  
  36  3:48  Stalker  
  43  4:16  Adept, Stalker x2  
  39  4:32  Robotics Facility  
  39  4:35  Sentry  
  39  4:37  Stalker  
  43  4:44  Probe  
  44  4:54  Pylon  
  44  4:59  Probe  
  45  5:06  Stalker  
  45  5:19  Observer (Chrono Boost)  
  46  5:31  Nexus  
  46  5:36  Immortal (Chrono Boost)  
  46  5:39  Observer  
  50  5:50  Shield Battery  
  50  5:52  Pylon  
  50  5:56  Pylon  
  50  6:10  Immortal (Chrono Boost)  
  50  6:17  Sentry  
  57  6:23  Adept  
  58  6:25  Sentry  
  60  6:36  Shield Battery  
  60  6:38  Stalker  
  62  6:45  Warp Prism (Chrono Boost)  
  62  6:51  Sentry  
  66  7:03  Stalker  
  68  7:08  Stalker  
  68  7:11  Probe x2  
  72  7:18  Stalker  
  74  7:23  Sentry  
  76  7:44  Zealot  
  76  8:01  Immortal (Chrono Boost)  
  78  8:08  Stalker  
  76  8:16  Zealot  
  76  8:20  Probe x2  
  76  8:26  Pylon  
  78  8:27  Pylon  
  78  8:44  Immortal  
  78  8:45  Adept x2  
  78  8:47  Adept, Zealot  
  88  9:01  Probe x2  
  80  9:13  Stalker x4  
Show
View Real Time Build Order
Export as new Build Order

NightEnD Protoss 

Build Orders: Blink Stalkers 

Get SALT Encoding   

  12  0:00  Probe  
  13  0:12  Probe  
  14  0:19  Pylon  
  14  0:24  Probe  
  15  0:37  Probe (Chrono Boost)  
  15  0:39  Gateway  
  16  0:48  Probe (Chrono Boost), Assimilator  
  17  0:53  Probe (Chrono Boost)  
  18  0:57  Assimilator  
  18  1:03  Probe  
  19  1:15  Probe  
  19  1:18  Gateway  
  20  1:29  Cybernetics Core  
  20  1:31  Probe  
  21  1:38  Pylon  
  21  1:43  Probe  
  22  1:55  Probe  
  22  2:00  Warp Gate (Chrono Boost)  
  23  2:05  Stalker  
  23  2:06  Sentry  
  27  2:32  Stalker  
  29  2:39  Nexus  
  29  2:46  Pylon  
  29  2:55  Probe  
  30  3:01  Twilight Council  
  30  3:08  Stalker  
  32  3:17  Stalker (Chrono Boost)  
  34  3:25  Shield Battery  
  34  3:32  Shield Battery  
  34  3:51  Stalker  
  36  3:55  Stalker  
  36  3:57  Probe, Blink (Chrono Boost)  
  39  4:15  Stalker x2  
  38  4:34  Pylon  
  38  4:38  Sentry, Stalker  
  42  4:47  Gateway  
  42  5:01  Pylon  
  42  5:17  Gateway  
  42  5:21  Stalker x2  
  42  5:24  Pylon  
  46  5:41  Pylon  
  46  5:49  Stalker  
  48  5:50  Stalker  
  48  5:54  Stalker  
  52  6:19  Pylon  
  52  6:21  Stalker x2  
  52  6:24  Stalker  
  58  6:38  Sentry  
  60  6:43  Sentry  
  60  6:44  Sentry  
  64  6:48  Stalker  
  66  7:12  Stalker x2  
  66  7:15  Pylon  
  70  7:21  Pylon  
  70  7:42  Shield Battery  
  70  7:43  Shield Battery  
  70  7:45  Sentry x2, Shield Battery  
  70  7:49  Shield Battery  
  74  7:51  Pylon  
  60  8:15  Stalker x2  
  60  8:16  Stalker  
  66  8:26  Stalker  
  68  8:34  Shield Battery  
  68  8:46  Stalker  
  64  9:00  Stalker x2  
  58  9:14  Stalker  

Tags
 
Add a new tag
Caveats
  • Supply blocks, unpowered buildings, or Contaminate may cause inaccurate times.
  • Supply counts are checked every 10 seconds.